 Dungeon Crawl Stone Soup version 0.30-a0-989-g0d87f670db (webtiles) character file.

Game seed: 6803295346946191722

62 DeathPants the Chopper (level 3, -3/28 HPs)
             Began as a Demonspawn Gladiator on Apr 2, 2023.
             Slain by an orc priest
             ... wielding a +0 hand axe
              (6 damage)
             ... on level 3 of the Dungeon.
             The game lasted 00:03:53 (1018 turns).

DeathPants the Chopper (Demonspawn Gladiator)       Turns: 1018, Time: 00:03:54

Health: -3/28      AC:  7    Str: 16    XL:     3   Next: 85%
Magic:  3/3        EV: 10    Int: 15    God:
Gold:   85         SH:  0    Dex: 14    Spells: 2/2 levels left

rFire   . . .      SeeInvis .    a - +0 war axe
rCold   . . .      Faith    .    (no shield)
rNeg    . . .      Spirit   .    j - +0 scale mail
rPois   .          Reflect  .    c - +0 helmet
rElec   .          Rampage  .    (no cloak)
rCorr   .                        (no gloves)
Will    .....                    (no boots) Stlth
                                 (no amulet)
HPRegen 0.24/turn                i - +6 ring of intelligence
MPRegen 0.08/turn                (no ring)

@: no status effects
A: ignite blood 1, spiny 1
a: no special abilities


You were on level 3 of the Dungeon.
You visited 1 branch of the dungeon, and saw 3 of its levels.

You collected 85 gold pieces.

Inventory:

Hand Weapons
 a - a +0 war axe (weapon)
 b - a +2 dagger of venom
Missiles
 d - 3 throwing nets (quivered)
 e - a javelin
Armour
 c - a +0 helmet (worn)
 j - a +0 scale mail (worn)
 o - a +0 leather armour
Jewellery
 i - a +6 ring of intelligence (left hand)
Scrolls
 f - a scroll of identify {unknown}
 g - 2 scrolls of fog {unknown}
 h - a scroll of fear {unknown}
 k - a scroll of magic mapping {unknown}
 q - a scroll of poison {unknown}
Potions
 l - a potion of degeneration {unknown}
 m - a potion of might {unknown}
 n - a potion of haste {unknown}
 p - a potion of cancellation {unknown}
 r - a potion of curing {unknown}


   Skills:
 + Level 2.5 Fighting
 * Level 3.4 Axes
 - Level 1.7 Throwing
 + Level 1.1 Armour
 + Level 3.1 Dodging


You had 2 spell levels left.
You didn't know any spells.
Your spell library was empty.

Dungeon Overview and Level Annotations

Branches:
Dungeon (3/15)

Altars:


Innate Abilities, Weirdness & Mutations

Your demonic aura sometimes causes spilled blood to erupt in flames.
You are partially covered in sharp spines.


Message History

The orc wizard is moderately wounded.
You slash the orc!
You kill the orc!
The orc wizard is struck by your spines.
The orc wizard hits you but does no damage.
The orc wizard is struck by your spines.
The orc wizard hits you with a +0 dagger.
The orc wizard hits you but does no damage.
The orc priest looks satisfied for a moment.
The orc wizard is struck by your spines.
The orc wizard hits you with a +0 dagger.
* * * LOW HITPOINT WARNING * * *
The orc wizard hits you but does no damage.
The orc is struck by your spines. The orc closely misses you.
You closely miss the orc priest. You closely miss the orc.
You miss the orc wizard.
You feel less confused.
The orc wizard gestures wildly while chanting.
The orc wizard flickers and vanishes!
Deactivating autopickup; reactivate with Ctrl-A.
The orc is struck by your spines. The orc closely misses you.
The orc priest misses you.
You closely miss something. You hit the orc priest.
You closely miss the orc. x2
Something hits you but does no damage.
The orc priest hits you with a +0 hand axe.
* * * LOW HITPOINT WARNING * * *
The orc is struck by your spines.
You kill the orc!
The orc is struck by your spines. The orc closely misses you.
You hit something.
Reactivating autopickup.
You feel a bit more experienced.
You hit the orc priest but do no damage.
You closely miss the orc.
The orc priest hits you but does no damage.
The orc is struck by your spines. The orc closely misses you.
The orc is struck by your spines.
You kill the orc!
The orc priest hits you with a +0 hand axe.
You die...

....######
.....?.. #
#......#.### .!
#$..../#...
...#......#.#
............#.#
.....$_o).....#
# #)@)# # #?
#.).#.#
#.#..#...#.#
...........#.#.
#..####....!...
. #<.#....##
#..#.##.#
#..#.# .#
#..#.. #


You could see an orc priest.

Vanquished Creatures
  An orc wizard (D:3)
  2 adders (D:2)
  A dart slug (D:1)
  3 orcs (D:3)
  4 endoplasms
  5 goblins (D:1)
  4 hobgoblins
  4 kobolds
  2 quokkas (D:1)
  5 ball pythons
  2 bats (D:1)
  A frilled lizard (D:1)
  7 rats
41 creatures vanquished.

Notes
Turn   | Place    | Note
-------+----------+-------------------------------------------
     0 | D:1      | DeathPants the Demonspawn Gladiator began the quest for the
                  | Orb.
     0 | D:1      | Reached XP level 1. HP: 16/16 MP: 1/1
   335 | D:2      | Gained mutation: Your demonic aura sometimes causes spilled
                  | blood to erupt in flames. [demonic ancestry]
   335 | D:2      | Reached XP level 2. HP: 22/22 MP: 2/2
   538 | D:1      | Gained mutation: You are partially covered in sharp spines.
                  | [demonic ancestry]
   538 | D:1      | Reached XP level 3. HP: 28/28 MP: 3/3
   714 | D:1      | Reached skill level 1 in Armour
  1003 | D:3      | Found a faded altar of an unknown god.
  1018 | D:3      | Slain by an orc priest

Illustrated notes

Levels and vault maps discovered:
D:1:      eino_arrival_cavern_c, layout_loops_cross
D:2:      layout_basic, minmay_misc_feat_roman, guppyfry_early_orc_mine
D:3:      layout_basic, hellmonk_ecumenical_altar_lost_god, uniq_natasha,
          uniq_grinder

Skill      XL: |  1  2  3 |
---------------+----------+-----
Axes           | 3 |  3.4
Dodging        | 3 |  3.1
Armour         | 1 |  1.1
Fighting       | |  2.5
Throwing       | |  1.7

Action                     || total
---------------------------++-------
  Melee: War axe           ||    89
 Armour: Leather armour    ||    10
         Scale mail        ||    39
  Dodge: Dodged            ||    47

Table legend: (Time is in decaauts)
 A = Elapsed time spent in this place.
 B = Non-inter-level travel time spent in this place.
 C = Inter-level travel time spent in this place.
 D = Time resting spent in this place.
 E = Time spent auto-exploring this place.
 F = Levels seen in this place.
 G = Mean time per level.
                   A        B        C        D        E       F      G
               +--------+--------+--------+--------+--------+-----+--------+
         Total |   1048 |   1041 |      7 |     56 |    622 |   3 |  349.3 |
       Dungeon |   1048 |   1041 |      7 |     56 |    622 |   3 |  349.3 |
               +--------+--------+--------+--------+--------+-----+--------+

Top non-repeatable levels by time:
     D:1: 813 daAuts
     D:2: 216 daAuts
     D:3: 18 daAuts
